Cogmind - Beta 15 @@@ ROGUE MODE // 2025.09.08 @ 12:30:16 Player: Ether Result: Destroyed by Y6-W1T(j) with Overtuned Pulse Rifle Performance ------------- Evolutions (0) 0 Regions Visited (3) 600 Robots Destroyed (7) 35 Value Destroyed (214) 214 Prototype IDs (8) 160 Alien Tech Used (0) 0 Bonus (800) 800 TOTAL SCORE: 1809 Bonus ------- Registered with UFD 300 Met Optimus in HQ 500 Cogmind --------- Core Integrity 0/250 Matter 300/300 Energy 93/100 System Corruption 2% Temperature Cool (15) Movement Treading (150) Location -7/Scraptown Parts ------- > --- POWER (1) -------- (None) > --- PROPULSION (2) --- Medium Treads Overtuned Medium Treads > --- UTILITY (2) ------ High-capacity Storage Unit Signal Interpreter > --- WEAPON (2) ------- Datajack Makeshift Hammer > --- INVENTORY (20) --- Improved Aluminum Leg Overtuned Titanium Leg Improved Titanium Leg Small Storage Unit High-capacity Matter Pod (200) Advanced Sensor Array Improved Terrain Scanner Improved Salvage Targeting Computer Microactuators Advanced ECM Suite Improved Propulsion Shielding Scrapoid Pod Overtuned Beamcaster Magnetic Acceleration Cannon CPS Tube (2) CPS Tube (2) Great Maul Katana Peak State ------------ > --- POWER ------------ Light Fission Core > --- PROPULSION ------- Medium Treads Overtuned Medium Treads > --- UTILITY ---------- High-capacity Storage Unit Signal Interpreter > --- WEAPON ----------- Datajack Makeshift Hammer > --- INVENTORY -------- Improved Aluminum Leg Overtuned Titanium Leg Improved Titanium Leg Small Storage Unit High-capacity Matter Pod Advanced Sensor Array Improved Terrain Scanner Improved Salvage Targeting Computer Microactuators Advanced ECM Suite Improved Propulsion Shielding Component Analysis Suite Scrapoid Pod Overtuned Beamcaster Magnetic Acceleration Cannon CPS Tube CPS Tube Great Maul Katana [Rating: 29] Favorites ----------- Power Light Ion Engine Engine Light Ion Engine Power Core Light Fission Core Propulsion Aluminum Leg Treads Overtuned Medium Treads Leg Aluminum Leg Hover Unit Airjet Utility Signal Interpreter Device Improved Terrain Scanner Storage High-capacity Storage Unit Processor Signal Interpreter Weapon Makeshift Hammer Energy Gun Small Laser Ballistic Gun Assault Rifle Special Weapon Mining Laser Impact Weapon Makeshift Hammer Special Melee Weapon Datajack Build | -11 -10 -10 -7 ------- Run | Yrd Mat Sub Scr Slots Evolved . | . . . . Power . | . . . . Propulsion . | . . . . Utility . | . . . . Weapon . | . . . . Parts Attached 22 | 9 3 3 7 Power 4 | 1 2 . 1 Engine 3 | 1 2 . . Core 1 | . . . 1 Reactor . | . . . . Propulsion 7 | 2 . . 5 Treads 2 | . . . 2 Leg 4 | 2 . . 2 Wheel . | . . . . Hover 1 | . . . 1 Flight . | . . . . Utility 4 | 2 1 . 1 Device 1 | 1 . . . Storage 2 | 1 . . 1 Processor 1 | . 1 . . Hackware . | . . . . Protection . | . . . . Artifact . | . . . . Weapon 7 | 4 . 3 . Energy Gun 2 | 1 . 1 . Energy Cannon . | . . . . Ballistic Gun 2 | 2 . . . Ballistic Cannon . | . . . . Launcher . | . . . . Special Weapon 1 | 1 . . . Impact Weapon 1 | . . 1 . Slashing Weapon . | . . . . Piercing Weapon . | . . . . Special Melee Weapon 1 | . . 1 . Unidentified Prototypes . | . . . . Parts Lost 2 | . . 1 1 Power 2 | . . 1 1 Propulsion . | . . . . Utility . | . . . . Weapon . | . . . . Highest Loss Streak 1 | . . 1 1 To Critical Strikes . | . . . . Average Backups 12 | 7 4 3 17 Power . | 1 . . . Propulsion 2 | 3 . . 2 Utility 4 | . 1 2 9 Weapon 3 | 1 1 1 4 Tool/Special . | . . . . Unused Backups 28 | 2 3 . 23 Power . | . . . . Propulsion 5 | 1 3 . 1 Utility 13 | 1 . . 12 Weapon 7 | . . . 7 Tool/Special 3 | . . . 3 Average Slot Usage (%) 95 | . 100 90 95 Engine 1 | . 14 5 . Core 7 | . . . 9 Treads 10 | . . . 12 Leg 17 | . 28 28 15 Device 2 | . 14 14 . Storage 12 | . 9 . 13 Processor 13 | . 4 14 14 Ballistic Gun 2 | . 28 4 . Impact Weapon 12 | . . 12 14 Special Melee Weapon 12 | . . 4 14 Peak Build Rating 29 | 9 9 13 29 Average Rating 15 | 8 9 11 22 On Entrance 7 | . 9 9 11 Naked Turns . | . . . . Heaviest Build 51 | 12 12 11 51 Greatest Support 53 | 20 20 20 53 Greatest Overweight (x) 4 | . . . 4 Average Overweight (x) . | . . . 1 Largest Inventory Capacity 20 | 8 8 5 20 Average Capacity 13 | 7 7 5 19 Most Carried 20 | 8 8 5 20 Average Carried 12 | 7 4 4 18 Final Capacity 20 | 8 5 5 20 Final Carried 19 | 8 3 5 19 Class Distribution -------------------- 100% | Mutant Dominant Class ---------------- Mutant | -10/Materials Mutant | -10/Subcaves Mutant | -7/Scraptown Resources | -11 -10 -10 -7 ----------- Run | Yrd Mat Sub Scr Matter Collected 732 | 336 58 58 280 Remotely . | . . . . Salvage Created 328 | 113 83 132 . Parts 16 | 7 6 3 . Haulers Intercepted . | . . . . Recyclers Shooed . | . . . . Parts Field Recycled . | . . . . Retrieved Matter . | . . . . Parts Self-Destructed 12 | . . 4 8 Prevented . | . . . . Kills | -11 -10 -10 -7 ------- Run | Yrd Mat Sub Scr Combat Hostiles Destroyed 8 | 3 2 3 . Melee 2 | . . 2 . Guns 5 | 3 2 . . Classes Destroyed 5 | 3 1 1 . Tunneler 1 | 1 . . . Recycler 1 | 1 . . . Grunt 2 | . 2 . . Subdweller 3 | . . 3 . Assembled 3 | 3 . . . Best Kill Streak 2 | 1 2 1 . Combat Bots Only 2 | 1 2 1 . Max Kills in Single Turn 1 | 1 1 1 . Gunslinging . | . . . . Exploded . | . . . . Melee 1 | . . 1 . Uniques/NPCs Destroyed . | . . . . Combat | -11 -10 -10 -7 -------- Run | Yrd Mat Sub Scr Hostile Shots Fired 94 | 17 27 11 39 Missed 34 | 5 16 1 12 Hits 60 | 12 11 10 27 Projectile 60 | 12 11 10 27 Critical Strikes 5 | . 2 2 1 Damage Taken 854 | 173 126 218 337 Core 258 | 53 39 40 126 Absorbed by Shields . | . . . . Core Remaining (%) 78 | 78 . . . Volleys Fired 42 | 28 14 . . Largest 2 | 2 2 . . Hottest 100 | 100 40 . . Shots Fired 65 | 37 28 . . Gun 59 | 31 28 . . Cannon . | . . . . Launcher . | . . . . Special 6 | 6 . . . Kinetic 46 | 18 28 . . Thermal 19 | 19 . . . Explosive . | . . . . Electromagnetic . | . . . . Robot Hit Streak 5 | 3 5 . . Robot Miss Streak 4 | 2 4 . . Penetration Max . | . . . . Secondary Targets . | . . . . Shots Hit Robots 47 | 15 15 14 3 Core Hits 17 | 9 6 2 . Critical Kills . | . . . . Critical Parts Destroyed 1 | . . 1 . Critical Strikes 1 | . . 1 . Smash 1 | . . 1 . Melee Attacks 20 | . . 17 3 Impact 18 | . . 15 3 Slashing . | . . . . Piercing . | . . . . Sneak Attacks . | . . . . Combat Hostiles . | . . . . Follow-up Attacks . | . . . . Damage Inflicted 924 | 162 151 486 125 Guns 313 | 162 151 . . Cannons . | . . . . Explosions . | . . . . Melee 611 | . . 486 125 Ramming . | . . . . Kinetic 216 | 65 151 . . Thermal 97 | 97 . . . Explosive . | . . . . Electromagnetic . | . . . . Impact 611 | . . 486 125 Slashing . | . . . . Piercing . | . . . . Highest Corruption 2 | . . . 2 Average Corruption 1 | . . . 1 Corruption Purged . | . . . . Corruption Blocked . | . . . . Effects 1 | . . . 1 Energy Discharges 1 | . . . 1 Overload Shots . | . . . . Overflow Damage 87 | . . 69 18 Projectiles . | . . . . Explosions . | . . . . Melee 87 | . . 69 18 Knockbacks . | . . . . Impact . | . . . . Kinetic . | . . . . Secondary . | . . . . Self-Inflicted Damage . | . . . . Shots . | . . . . Rammed . | . . . . Targets Rammed . | . . . . Kicked . | . . . . Crushed . | . . . . Highest Temperature 100 | 100 27 . 23 Average Temperature 34 | 44 10 . 14 Received Heat Transfer 202 | . 69 . 133 Siege Activations . | . . . . Martial Activations . | . . . . Shielding Activations . | . . . . Robots Disrupted . | . . . . Combat Hostiles . | . . . . Robots Corrupted 1 | . . 1 . Combat Hostiles 1 | . . 1 . Parts Fried . | . . . . Impact Corruptions 4 | . . 3 1 Robots Melted . | . . . . Combat Hostiles . | . . . . Parts Melted . | . . . . Heat Transferred 225 | 225 . . . Parts Sabotaged . | . . . . Parts Stolen . | . . . . Parts Stripped . | . . . . Power Chain Reactions . | . . . . Alert | -11 -10 -10 -7 ------- Run | Yrd Mat Sub Scr Maximum Alert Level . | . . . . Low Security (%) 100 | 100 100 . . Level 1 . | . . . . Level 2 . | . . . . Level 3 . | . . . . Level 4 . | . . . . Level 5 . | . . . . High Security . | . . . . Max Security . | . . . . Peak Influence 40 | 5 40 . . Initial . | . . . . Average . | . 2 . . Influence Increases 60 | 10 50 . . Destroy 0b10 Robot/C 40 | . 40 . . Destroy 0b10 Robot/NC 10 | 10 . . . Destroy Leader 10 | . 10 . . Influence Decreases 60 | 10 50 . . Time Decay 60 | 10 50 . . Squads Dispatched . | . . . . Investigation . | . . . . Extermination . | . . . . Reinforcement . | . . . . Assault . | . . . . Garrison . | . . . . Intercept . | . . . . Searches Triggered . | . . . . Construction Impeded . | . . . . Haulers Reinforced . | . . . . Active Scanning Responses . | . . . . Cargo Convoy Interrupts . | . . . . Stealth | -11 -10 -10 -7 --------- Run | Yrd Mat Sub Scr Distress Signals 1 | . 1 . . Communications Jammed . | . . . . Distress Signals . | . . . . Times Spotted 26 | 4 7 3 12 Peak Tracking Total 8 | 1 4 2 8 Tactical Retreats 1 | 1 . . . Traps | -11 -10 -10 -7 ------- Run | Yrd Mat Sub Scr Traps Triggered . | . . . . Indirectly . | . . . . Trap Hack Attempts . | . . . . Triggered . | . . . . Disarmed . | . . . . Reprogrammed . | . . . . Reused . | . . . . Traps Extracted . | . . . . Installed . | . . . . Triggered . | . . . . Machines | -11 -10 -10 -7 ---------- Run | Yrd Mat Sub Scr Machines Disabled . | . . . . Max in Single Turn . | . . . . Machines Repaired . | . . . . Machines Dismantled . | . . . . Machines Sabotaged . | . . . . Overloaded Fab Kills . | . . . . Hacking | -11 -10 -10 -7 --------- Run | Yrd Mat Sub Scr Machines Accessed 10 | . 2 . 8 Terminals 1 | . 1 . . Fabricators . | . . . . Repair Stations . | . . . . Recycling Units 1 | . 1 . . Scanalyzers . | . . . . Garrison Access . | . . . . Total Hacks 58 | . 6 . 52 Successful 56 | . 4 . 52 Failed 2 | . 2 . . Catastrophic . | . . . . Database Lockouts . | . . . . Manual 1 | . 1 . . Terminals 5 | . 5 . . Fabricators . | . . . . Repair Stations . | . . . . Recycling Units 1 | . 1 . . Scanalyzers . | . . . . Garrison Access . | . . . . Terminal Hacks 55 | . 3 . 52 Record 52 | . 1 . 51 Prototype ID Bank 1 | . 1 . . Zone Layout 1 | . 1 . . Proto ID Catalog 1 | . . . 1 Fabricator Hacks . | . . . . Repair Station Hacks . | . . . . Recycling Unit Hacks 1 | . 1 . . Report Inventory 1 | . 1 . . Scanalyzer . | . . . . Garrison Access Hacks . | . . . . Unauthorized Hacks . | . . . . Terminals . | . . . . Fabricators . | . . . . Repair Stations . | . . . . Recycling Units . | . . . . Scanalyzers . | . . . . Garrison Access . | . . . . Data Cores Recovered . | . . . . Used . | . . . . Hacking Detections 2 | . 2 . . Full Trace Events . | . . . . Feedback Events . | . . . . Feedback Blocked . | . . . . Robot Schematics Acquired . | . . . . Robots Built . | . . . . Authchips . | . . . . Time . | . . . . Total Robot Build Rating . | . . . . Part Schematics Acquired . | . . . . Parts Built . | . . . . Authchips . | . . . . Time . | . . . . Total Part Build Rating . | . . . . Parts Repaired . | . . . . Time . | . . . . Parts Recycled . | . . . . Recycled Matter . | . . . . Retrieved Matter . | . . . . Retrieved Components . | . . . . Parts Scanalyzed . | . . . . Part Schematics Acquired . | . . . . Parts Damaged . | . . . . Bothacking | -11 -10 -10 -7 ------------ Run | Yrd Mat Sub Scr Used RIF Installer . | . . . . Robots Hacked . | . . . . Non-combat . | . . . . Combat . | . . . . Robot Hacks Applied . | . . . . Relay Couplers Released . | . . . . Fabnet Peak Effective % . | . . . . Robots Rewired . | . . . . Allies Hacked . | . . . . Hacks Repelled . | . . . . Allies | -11 -10 -10 -7 -------- Run | Yrd Mat Sub Scr Total Allies . | . . . . Largest Group . | . . . . Highest-Rated Group . | . . . . Highest-Rated Ally . | . . . . Total Orders . | . . . . Ally Attacks . | . . . . Total Damage . | . . . . Kills . | . . . . Allies Corrupted . | . . . . Allies Melted 4 | . . . 4 Intel | -11 -10 -10 -7 ------- Run | Yrd Mat Sub Scr Active Infowar (turns) 5685 | 4635 519 471 60 Terrain 5685 | 4635 519 471 60 Robot Analysis Total . | . . . . Derelict Logs Recovered 2 | . . 1 1 Drone Launches . | . . . . Drone Recoveries . | . . . . Exploration | -11 -10 -10 -7 ------------- Run | Yrd Mat Sub Scr Turns Passed 10983 | 4713 519 471 5280 Spaces Moved 4209 | 1133 386 331 2359 Core 20 | 20 . . . Treads 1052 | . . . 1052 Legs 3137 | 1113 386 331 1307 Wheels . | . . . . Hover . | . . . . Flight . | . . . . Fastest Speed 50 | 50 120 120 120 Average Speed 176 | 118 120 120 220 Slowest Speed 400 | 120 120 120 400 Overloaded Moves . | . . . . Propulsion Burnouts . | . . . . Robots Hopped . | . . . . Potential Cave-ins . | . . . . Cave-ins Triggered . | . . . . Exploration Rate (%) 64 | 104 32 26 95 Regions Visited 3 Branch Regions 2 Pre-discovered Areas . | . . . . Known Exits Taken 2 | . 1 1 . Unknown Exits Taken 1 | 1 . . . Scrap Searched 7 | . . . 7 Spaces Dug 5 | 5 . . . Terrain Destroyed 5 | 5 . . . Melee . | . . . . Projectile 5 | 5 . . . AOE . | . . . . Terrain Rammed . | . . . . Walls Destroyed . | . . . . Machines Disabled . | . . . . Actions | -11 -10 -10 -7 --------- Run | Yrd Mat Sub Scr Total 7707 | 4454 419 388 2446 Wait 3320 | 3263 6 34 17 Move 4206 | 1132 385 330 2359 Hop . | . . . . Pick Up 59 | 18 3 3 35 Fast Attach 3 | . . . 3 Attach 12 | 7 . 1 4 Detach . | . . . . Swap 9 | 3 3 2 1 Drop 36 | 3 8 1 24 Fire 42 | 28 14 . . Melee 20 | . . 17 3 Ram . | . . . . Kick . | . . . . Crush . | . . . . Escape Stasis . | . . . . Rewire . | . . . . Trap . | . . . . Miscellaneous . | . . . . Route ------- -11/Scrapyard -10/Materials (discovered 3 exits: *Min x2 / *Sub) -10/Subcaves (discovered 2 exits: *Mat / *Scr) -7/Scraptown (discovered 2 exits: *Fac x2) History --------- Turn | Location | Event 10 | -11/Scrapyard | Discovered new exit (range 14) 3923 | -11/Scrapyard | Assembled infested the area 4714 | -11/Scrapyard | Entered Materials 4715 | -10/Materials | Build established: Mutant 4885 | -10/Materials | Discovered new exit (range 12) 5021 | -10/Materials | Discovered new exit (range 14) 5036 | -10/Materials | Discovered new exit (range 10) 5102 | -10/Materials | Identified exit to Subcaves 5115 | -10/Materials | Identified exit to Mines 5233 | -10/Materials | Entered Subcaves 5234 | -10/Subcaves | Approached by a straggling Scientist 5237 | -10/Subcaves | A swath of the cavern ceiling suddenly collapsed 5252 | -10/Subcaves | Shifting Twisted Machinery released Mak. Hammer 5420 | -10/Subcaves | Core integrity fell below 50% 5552 | -10/Subcaves | Discovered new exit (range 6) 5569 | -10/Subcaves | Identified exit to Materials 5657 | -10/Subcaves | Scientist uncovered a shortcut to Scraptown 5668 | -10/Subcaves | Identified exit to Scraptown 5704 | -10/Subcaves | Entered Scraptown 6452 | -7/Scraptown | Heard Great Nut preacher, LISTEN AND RECITE! 6876 | -7/Scraptown | Scanned Subdweller tech in exchange for log data 6884 | -7/Scraptown | Learned Factory terminal intel 6941 | -7/Scraptown | Discovered new exit (range 5) 6956 | -7/Scraptown | Identified exit to Factory 7170 | -7/Scraptown | Visited TADAMA 7219 | -7/Scraptown | Visited Comm Corps 7344 | -7/Scraptown | Visited Bundlers 7536 | -7/Scraptown | Visited Cyclists 7628 | -7/Scraptown | Visited UFD Registry 7628 | -7/Scraptown | Registered with UFD as "Fissionthruster" 7683 | -7/Scraptown | Visited Shadow of the Wyrm 7770 | -7/Scraptown | Visited Assassins FH 8685 | -7/Scraptown | Visited Modified Component R&D 8930 | -7/Scraptown | Visited Scrapoid Pod Storage 8948 | -7/Scraptown | Found Scrapoid Pod 8975 | -7/Scraptown | Visited Science Guys 9042 | -7/Scraptown | Visited Scrap Suit Storage 9382 | -7/Scraptown | Visited Curators Association 9440 | -7/Scraptown | Visited Supply Room 9490 | -7/Scraptown | Visited Research Penetration Think Tank 9550 | -7/Scraptown | Visited Observation Area 9651 | -7/Scraptown | Visited LU-1G1's Boring Crew 9858 | -7/Scraptown | Visited Chapter 10 10086 | -7/Scraptown | Discovered exit to Factory (range 5) 10516 | -7/Scraptown | Met Optimus 10516 | -7/Scraptown | Accepted into 0bPrime 10835 | -7/Scraptown | Civil war broke out across Scraptown 10982 | -7/Scraptown | Core integrity fell below 20% 10984 | -7/Scraptown | Destroyed by Y6-W1T(j) with Overtuned Pulse Rifle Last Messages --------------- 10933_ Acquired 1 matter. 10934_ Slug penetrates Machine. 10937_ 4U-3KA(g) destroyed. 10945_ Slug penetrates XU-BOL(j). 10960_ Destroyed Imp. Heat Sink. 10960_ UR-VSC(p) system corrupted by crushing effect. 10962_ Penetrated by Bolt. 10966_ System corrupted: Energy discharge (-56). 10967_ Penetrated by Bolt. 10970_ Bolt penetrates Wall. 10975_ RD-BNK: "RECYCLE. RECYCLE. RECYCLE." 10978_ NS-JOZ(j) heat spikes uncontrollably. 10978_ Critical hit (Burn: +50). Optimus: This place isn't worth defending, let's get out of here, Fissionthruster! Our real resources are elsewhere, after all. 10980_ Lgt. Fission Core destroyed. 10984_ Bolt penetrates Wall. 10984_ Slug penetrates AF-HEH(M). Map ----- +----------------------------------------------------+ | ???###################???#"##?????#" "#??????????? | | ??#"""##"""##""|##"""#??##[=*#????# < #??????????? | | ??#"" ##"" ##"" ##!!"####[%[%!##### ##?????????? | | ??#"" *=!==% #?????????? | | ??# =!%*== #?????????? | | ??#######################![!!=##########?????????? | | ????????????????????????#![%=#???????????????????? | | ??????????????###########!!=%????????????????????? | | ???############"""""""""#|![[###########?????????? | | ???# # # ##" "#!=!!""""""""""#?????????? | | ???# # """ # ##" """"" "#![%### " #?????????? | | ???# # "#" # ##" "???" "##!!## ""#?????????? | | ???# # """ # ##" "???" "##=%=# ""#?????????? | | ???# ##" "???" "##![#%% """"#?????????? | | ???# ####### ##" "???" "##%=;!% " ""#?????????? | | ???# # # ##" """"" "##!%##% """"#?????????? | | ???# # # ##" "##=!/" ""#?????????? | | ???# # # ## ""## #"# "#?????????? | | ???# ## ## # #?????????? | | ???##### ########### ##### j##h#########?????????? | | ######## ########### ##### ;#p###########???????? | | """""""" """"""""""" " """ %"##"""""""#???????? | | "## """"""#???????? | | ;# ""#???????? | | = = ! ;# ""#???????? | | %* @*=/!% ;; ""#???????? | | [ = =!% "#???????? | | """"""""""" """""""""" ==%= ;# ""#???????? | | """"""""""""""""""""""" %!! ";; " """"#???????? | | ###### ###############!%=== ;;########???????? | | # ##???????#;!* *! ";;;;#####????????? | | # !% X"#???????##%=%=[! ## """""#????????? | | # "" "" ##????????=![%%=! ;# " ]"#????????? | | # "" "" X"#??????#"#%[*!![ "## ]]#????????? | | # " " #########![*!![!! ## #????????? | | "" [ ![!!3=!! #????????? | | "" =%!%x*==[[## ***"#????????? | | # " " ######### #|=%!%=%!;# ""*"#????????? | | # "" "" ""#??????##=!%!==%==##""""""#????????? | | # "" "" ##????????#="%!M= ######?##????????? | | # X"#????????# "%= "#????????????????? | | # ##????????#"" "####?###??##?????? | | ###### ################"" "##"###"###"#?????? | | """""""""""""""""""""""""" "## "!" "=" #?????? | | """""""""""""""""""""""""" """ """ ###???? | | "## "#???? | | "## ""#????? | | "## "=#????? | | ## ""#????? | | # "#???? | +----------------------------------------------------+ Best States ------------- Heat Dissipation 25 Energy Generation 18 Energy Capacity 160 Matter Stores 300 Matter Capacity 300 Sight Range 16 Terrain Scan Range 16 Terrain Scan Density 10 Evasion (%) 55 Recoil Reduction 2 Item Schematics ----------------- None Robot Schematics ------------------ None Fabricated ------------ Nothing Repaired ---------- Nothing Alien Tech Used ----------------- None Achievements -------------- None Challenges ------------ None Game ------ Seed MappingBiometalMallet Manual? 0 Play Time 01:06:59 Cumulative 22.0 hours Start 2025.09.08 @ 11:17:40 End 2025.09.08 @ 12:30:16 Sessions 1 Manual Loads 0 Difficulty Rogue Special Mode None Game No. 55 Rogue 55 Adventurer 0 Explorer 0 Win Type - Total 0 Types 0/0/0/0/0/0/0/0/0/0 Lore% 19 Gallery% 21 Achievement% 17 Wizard Run 0 Options --------- Layout 1 ASCII 0 Keyboard 0 Movement Numpad Keybinds 0 Fullscreen 1 Font 24/Smallcaps Map View 50x35 Zoom Use 0% Tactical HUD 1 Map Filters NONE Filters NONE Steam 1 RUN: a4e7e3f4-df17-4067-a7a6-39859655d899